 Dungeon Crawl Stone Soup version 0.23-a0-299-g9a66eeb (webtiles) character file.

19678 Gildeon the Severer (level 12, 0/106 HPs)
             Began as a Minotaur Fighter on Oct 6, 2018.
             Was an Elder of Ashenzari.
             Slain by a death yak (9 damage)
             ... on level 3 of the Lair of Beasts.
             The game lasted 00:44:01 (12546 turns).

Gildeon the Severer (Minotaur Fighter)             Turns: 12546, Time: 00:44:01

Health: 0/106      AC: 20    Str: 27    XL:     12   Next: 38%
Magic:  14/14      EV:  2    Int:  5    God:    Ashenzari [****..]
Gold:   338        SH:  0    Dex: 11    Spells: 15/15 levels left

rFire    . . .     SeeInvis +   a - +0 war axe
rCold    . . .     Gourm    .   c - +0 shield
rNeg     + + +     Faith    .   w - +4 chain mail "Eqishroyn" {-Cast rElec Str+4 Dex-2 Slay+2} (curse)
rPois    ∞         Spirit   .   (helmet restricted)
rElec    +         Reflect  .   (no cloak)
rCorr    .         Harm     .   (no gloves)
MR       +....     Clarity  +   (no boots) Stlth ..........NoCast +
                                p - amulet of the acrobat
HPRegen  0.27/turn              v - ring "Losiceps" {MR+ AC+6} (curse)
MPRegen  0.14/turn              (no ring)

@: petrified
A: retaliatory headbutt, horns 2
a: Curse Item, Scrying, Renounce Religion


You were on level 3 of the Lair of Beasts.
You worshipped Ashenzari.
Ashenzari was greatly pleased with you.
You were not hungry.

You visited 3 branches of the dungeon, and saw 12 of its levels.
You also visited: Sewer and Bailey.

You collected 632 gold pieces.
You spent 294 gold pieces at shops.

Inventory:

Hand Weapons
 a - a +0 war axe (weapon)
 g - a +4 morningstar
Missiles
 l - 2 throwing nets (quivered)
Armour
 c - a +0 shield (worn)
 w - the cursed +4 chain mail "Eqishroyn" (worn) {-Cast rElec Str+4 Dex-2 Slay+2}
   (You bought it in a shop on level 7 of the Dungeon)

   It affects your strength (+4).
   It affects your dexterity (-2).
   It affects your accuracy and damage with ranged weapons and melee attacks
   (+2).
   It insulates you from electricity.
   It prevents spellcasting.
   It has a curse placed upon it.
Jewellery
 k - a cursed ring of ice
 p - an amulet of the acrobat (around neck)
 v - the cursed ring "Losiceps" (left hand) {MR+ AC+6}
   (You found it on level 8 of the Dungeon)

   [ring of protection]

   It affects your AC (+6).
   It affects your resistance to hostile enchantments.
   It has a curse placed upon it.
Wands
 m - a wand of flame (40)
 s - a wand of digging (6)
 x - a wand of iceblast (9)
 y - a wand of polymorph (16)
Scrolls
 d - a scroll of fog
 e - 6 scrolls of remove curse
 j - 3 scrolls of enchant weapon
 n - 4 scrolls of fear
 o - 6 scrolls of teleportation
 A - a scroll of random uselessness {unknown}
Potions
 b - 6 potions of curing
 h - a potion of invisibility
 i - a potion of lignification
 q - 2 potions of resistance
 r - 2 potions of flight
 t - a potion of mutation
 u - a potion of cancellation
Comestibles
 f - 34 rations
 z - 20 chunks of flesh


   Skills:
 - Level 10.0 Fighting
 - Level 16.0 Axes
 + Level 5.8 Armour
 + Level 5.4 Dodging
 + Level 12.5 Shields
 - Level 2.0 Spellcasting
 - Level 3.0 Evocations


You had 15 spell levels left.
You didn't know any spells.
Your spell library was empty.

Dungeon Overview and Level Annotations

Branches:
Dungeon (8/15)             Temple (1/1) D:4            Lair (3/6) D:8
 Shoals (0/4) Lair:2        Snake (0/4) Lair:2

Altars:
Ashenzari
Cheibriados
Dithmenos
Elyvilon
Fedhas
Gozag
Kikubaaqudgha
Makhleb
Qazlal
Ru
Sif Muna
Trog
Uskayaw
Vehumet
Wu Jian
Xom
Yredelemnul
Zin
The Shining One

Shops:
D:7 [}!([


Innate Abilities, Weirdness & Mutations

You reflexively headbutt those who attack you in melee.
You have a pair of horns on your head.


Message History

The death yak gores you.
* * * LOW HITPOINT WARNING * * *
The yak gores you!
* * * LOW HITPOINT WARNING * * *
The yak gores you but does no damage.
The catoblepas gores you but does no damage.
The death yak is engulfed in calcifying dust.
The death yak gores you. The yak gores you but does no damage.
The death yak is no longer petrified.
The yak barely misses you. The catoblepas gores you!
* * * LOW HITPOINT WARNING * * *
The death yak gores you!
* * * LOW HITPOINT WARNING * * *
The death yak gores you but does no damage.
The yak gores you.
The death yak is no longer petrified.
The yak gores you!
* * * LOW HITPOINT WARNING * * *
The catoblepas gores you but does no damage.
The death yak gores you!!
You die...

#..#* ,, ,,,
#P.### ## , ,,,
#)...####.##.. ,,
, ##............
, ,
#............. ##
##.............,
,...
#....Y.........,,
,,..
##..YYYY...... .
#+. ##..#@#..#Y..
, ..##..
#...YYY##.#..
,,......
##...Y...#...,
..#...
#.............
......
#........#....
.#... #...#..(..#
... #...
*#.........#,,,.,
*#...
#....#......., ,,
#.#.
#.#.##..####..
#+.#


You could see 4 death yaks, a catoblepas and 4 yaks.

Vanquished Creatures
  A hydra (Lair:3)
  A two-headed ogre (D:8)
  Nergalle (Lair:2)
  A cyclops (D:8)
  A manticore (Lair:2)
  11 elephants (Lair:2)
  3 spiny frogs
  A rime drake (Lair:1)
  5 komodo dragons
  A queen bee (Lair:1)
  A hornet (Lair:2)
  9 blink frogs
  3 hippogriffs
  Eustachio (D:5)
  A wyvern (Lair:2)
  A spriggan (D:7)
  7 yaks
  2 steam dragons
  4 nagas (Lair:2)
  A porcupine (Lair:2)
  2 black bears (D:7)
  6 water moccasins
  A phantom (D:7)
  An ogre (D:4)
  An ice beast (D:6)
  4 orc warriors
  A necrophage (D:8)
  3 wolves (Lair:3)
  4 centaurs
  A big kobold (D:7)
  4 crocodiles
  4 bullfrogs
  A water moccasin zombie (D:6)
  A wyvern zombie (D:7)
  2 scorpions
  27 killer bees
  10 wights
  4 electric eels
  2 howler monkeys
  4 crimson imps
  7 hounds
  A jelly (D:8)
  An orc priest (D:8)
  11 orc wizards
  2 bullfrog skeletons (D:7)
  An iguana (D:5)
  3 worker ants
  Robin (D:3)
  2 worker ant zombies
  9 gnolls
  12 adders
  4 shadow imps
  An ooze (Sewer)
  3 worms
  7 dart slugs
  6 leopard geckos
  17 orcs
  2 ball pythons
  5 giant cockroaches
  13 goblins
  12 hobgoblins
  16 jackals
  18 kobolds
  5 quokkas
  11 bats
  7 frilled lizards
  A jackal skeleton (D:6)
  15 rats
  A fungus (Lair:2)
  3 plants
336 creatures vanquished.

Vanquished Creatures (others)
  A bush (Lair:3)
  5 fungi
  9 plants
15 creatures vanquished.

Grand Total: 351 creatures vanquished

Notes
Turn   | Place    | Note
-------+----------+-------------------------------------------
     0 | D:1      | Gildeon the Minotaur Fighter began the quest for the Orb.
     0 | D:1      | Reached XP level 1. HP: 19/19 MP: 0/0
   181 | D:1      | Reached XP level 2. HP: 27/27 MP: 1/1
   305 | D:1      | Found a shattered altar of Ashenzari.
   617 | D:1      | Reached skill level 3 in Axes
   757 | D:1      | Became a worshipper of Ashenzari the Shackled
  1027 | D:2      | Reached XP level 3. HP: 33/33 MP: 2/2
  1204 | D:2      | Found a deep blue altar of Sif Muna.
  1382 | D:2      | Reached skill level 1 in Dodging
  1403 | D:2      | Found a snail-covered altar of Cheibriados.
  1725 | D:3      | Reached XP level 4. HP: 40/40 MP: 3/3
  1737 | D:3      | Noticed Robin
  1746 | D:3      | Killed Robin
  1749 | D:3      | Reached skill level 4 in Axes
  1892 | D:3      | Reached * piety under Ashenzari
  2314 | D:3      | Reached XP level 5. HP: 46/46 MP: 4/4
  2751 | D:4      | Found a transporter.
  2773 | D:4      | Noticed an ogre
  2784 | D:4      | Killed an ogre
  2784 | D:4      | Reached XP level 6. HP: 47/53 MP: 5/5
  2839 | D:4      | Found an opulent altar of Gozag.
  2889 | D:4      | Reached skill level 5 in Axes
  2917 | D:4      | Found a transporter.
  3019 | D:4      | Reached skill level 5 in Fighting
  3043 | D:4      | Reached skill level 5 in Shields
  3188 | D:4      | Found a staircase to the Ecumenical Temple.
  3226 | D:4      | Reached skill level 5 in Armour
  3478 | Temple   | Entered the Ecumenical Temple
  3721 | D:5      | Entered Level 5 of the Dungeon
  3721 | D:5      | Noticed Eustachio
  3730 | D:5      | Killed Eustachio
  3730 | D:5      | Reached skill level 6 in Axes
  3730 | D:5      | Reached XP level 7. HP: 57/61 MP: 6/6
  3986 | D:5      | Found a glowing drain.
  3997 | Sewer    | Entered a sewer
  4129 | Sewer    | Reached ** piety under Ashenzari
  4584 | D:5      | Found an ornate altar of the Wu Jian Council.
  4699 | D:5      | Got the cursed chain mail of Death's Door {rCorr Int+2
                  | Dex+4}
  4712 | D:5      | Identified the cursed +0 chain mail of Death's Door {rCorr
                  | Int+2 Dex+4} (You found it on level 5 of the Dungeon)
  4976 | D:5      | Reached skill level 7 in Axes
  5010 | D:5      | Reached skill level 1 in Spellcasting
  5478 | D:6      | Reached XP level 8. HP: 64/68 MP: 8/8
  5892 | D:6      | Found a shadowy altar of Dithmenos.
  6135 | D:7      | Reached skill level 8 in Axes
  6177 | D:7      | Found a flagged portal.
  6195 | Bailey   | Entered a bailey
  6332 | Bailey   | Reached skill level 5 in Dodging
  6506 | Bailey   | Identified the +3 leather armour "Obed" {rElec rF+ Dex-3}
  6506 | Bailey   | Found an iron altar of Okawaru.
  6519 | Bailey   | Reached skill level 9 in Axes
  6691 | D:7      | Reached XP level 9. HP: 67/74 MP: 11/11
  6745 | D:7      | Found Cittipti's Antique Weapon Shop.
  6808 | D:7      | Found Fuxain's Antique Armour Emporium.
  6816 | D:7      | Reached skill level 1 in Evocations
  6822 | D:7      | Bought a crude chain mail for 294 gold pieces
  6822 | D:7      | Identified the +4 chain mail "Eqishroyn" {-Cast rElec Str+4
                  | Dex-2 Slay+2} (You bought it in a shop on level 7 of the
                  | Dungeon)
  6852 | D:7      | Reached skill level 10 in Axes
  7359 | D:7      | Found Diof's Armour Emporium.
  7573 | D:7      | Found Qeupt's Distillery.
  7578 | D:7      | Reached *** piety under Ashenzari
  7606 | D:7      | Found Luawkio's Gadget Boutique.
  7991 | D:8      | Reached skill level 11 in Axes
  8280 | D:8      | Noticed a two-headed ogre
  8292 | D:8      | Killed a two-headed ogre
  8292 | D:8      | Reached skill level 12 in Axes
  8292 | D:8      | Reached XP level 10. HP: 60/81 MP: 12/12
  8326 | D:8      | Identified the ring "Losiceps" {MR+ AC+6}
  8446 | D:8      | Found a staircase to the Lair.
  8551 | D:8      | Noticed a cyclops
  8564 | D:8      | Killed a cyclops
  8741 | Lair:1   | Entered Level 1 of the Lair of Beasts
  8750 | Lair:1   | Reached skill level 10 in Shields
  8753 | Lair:1   | Reached skill level 13 in Axes
  9445 | Lair:1   | Reached XP level 11. HP: 50/92 MP: 13/13
  9662 | Lair:1   | Reached skill level 14 in Axes
 10251 | Lair:2   | Found a staircase to the Shoals.
 10251 | Lair:2   | Noticed Nergalle
 10272 | Lair:2   | Noticed a spectral orc warlord
 10274 | Lair:2   | Killed Nergalle
 10274 | Lair:2   | Reached skill level 15 in Axes
 10428 | Lair:2   | Reached XP level 12. HP: 34/104 MP: 14/14
 10925 | Lair:2   | Found a staircase to the Snake Pit.
 12197 | Lair:3   | Reached **** piety under Ashenzari
 12289 | Lair:3   | Reached skill level 16 in Axes
 12305 | Lair:3   | Noticed a six-headed hydra
 12318 | Lair:3   | Killed a six-headed hydra
 12318 | Lair:3   | Reached skill level 10 in Fighting
 12517 | Lair:3   | Noticed a catoblepas
 12520 | Lair:3   | Noticed a death yak
 12526 | Lair:3   | Noticed a death yak
 12527 | Lair:3   | Noticed a death yak
 12530 | Lair:3   | Noticed a death yak
 12546 | Lair:3   | Slain by a death yak

Vault maps used:
D:1:      enne_arrival_octagon_isle, minmay_misc_feat_room,
          nicolae_ashenzari_panopticon
D:2:      kennysheep_slug_shrine, lemuel_blue_sif_altar
D:3:      first_ration, due_unseen_surprise, uniq_robin
D:4:      gammafunk_steamed_eel, kennysheep_mini, temple_hall
D:5:      overflow_temple_1_default, gup_sewer_entry_bubbles, uniq_eustachio
D:6:      grunt_dithmenos_shadows
D:7:      enter_bailey_3, serial_shops, shop, kennysheep_little_box, shop, shop,
          nicolae_shop_behind_doors, the_bakery, lemuel_another_geyser
D:8:      kennysheep_spiral_hall, david_lair_shrubbed
Temple:   eino_temple_water
Lair:1:   grunt_megastairs_4
Lair:2:   minmay_shoals_entry_beasts, minmay_snake_entry_guardpost_small,
          serial_bayou, serial_bayou_pond_e, serial_bayou_pond_b,
          serial_bayou_shore_b, serial_bayou_lagoon_b, serial_bayou_pond_c,
          serial_bayou_pond_a, lab_entry_generic, st_stairs_5, uniq_nergalle
Lair:3:   serial_bayou_shore_b
Sewer:    sewer_fruit_machine
Bailey:   bailey_axe_3, bailey

Skill      XL: |  1  2  3  4  5  6  7  8  9 10 11 12 |
---------------+-------------------------------------+-----
Axes           | 3 4 6 7 9 12 13 15 16 | 16.0
Shields        | 4 5 6 7 9 10 11 12 | 12.5
Fighting       | 4 5 7 9 10 | 10.0
Armour         | 4 5 |  5.8
Dodging        | 1 2 3 4 5 |  5.4
Spellcasting   | 1 2 |  2.0
Evocations     | 3 |  3.0

Action                   |  1- 3 |  4- 6 |  7- 9 | 10-12 || total
-------------------------+-------+-------+-------+-------++-------
Melee: War axe           |    84 |   125 |   371 |   471 ||  1051
       Headbutt          |    10 |    22 |    64 |   108 ||   204
       Morningstar       |       |       |       |     6 ||     6
Invok: Curse Item        |       |       |     1 |     1 ||     2
Evoke: Wand              |       |       |     2 |    13 ||    15
  Use: Scroll            |     5 |     1 |    12 |     4 ||    22
       Potion            |       |     1 |     5 |     8 ||    14
 Stab: Petrified         |       |       |       |    10 ||    10
       Petrifying        |       |       |       |     1 ||     1
  Eat: Chunk             |     3 |     5 |     7 |     4 ||    19
       Ration            |       |     1 |     2 |     3 ||     6
Armor: Scale mail        |    47 |       |       |       ||    47
       Chain mail        |     5 |    74 |   118 |   185 ||   382
Dodge: Dodged            |    19 |    44 |   168 |   155 ||   386
Block: Shield            |    44 |    77 |   255 |   274 ||   650

Table legend:
 A = Non-vault XP
 B = Vault XP
 C = Vault XP percentage of total XP
 D = Non-vault monster count
 E = Vault monster count
 F = Vault count percentage of total count
                 A         B        C        D         E       F
            +---------+---------+-------+---------+---------+-------
      Total |   20750 |    7362 |  26.2 |     222 |     110 |  33.1
            +---------+---------+-------+---------+---------+-------
        D:1 |      37 |       0 |   0.0 |      21 |       0 |   0.0
        D:2 |      38 |       4 |   9.5 |      13 |       1 |   7.1
        D:3 |     102 |      38 |  27.1 |      22 |      13 |  37.1
        D:4 |     444 |     161 |  26.6 |      20 |       3 |  13.0
        D:5 |     473 |     231 |  32.8 |      17 |       6 |  26.1
        D:6 |     352 |      11 |   3.0 |       7 |       1 |  12.5
        D:7 |    1861 |     213 |  10.3 |      34 |       5 |  12.8
        D:8 |    2853 |     561 |  16.4 |      38 |       5 |  11.6
     Lair:1 |    3334 |    2384 |  41.7 |      15 |      28 |  65.1
     Lair:2 |    7558 |    3303 |  30.4 |      21 |      10 |  32.3
     Lair:3 |    3698 |       0 |   0.0 |      14 |       0 |   0.0
      Sewer |       0 |      47 | 100.0 |       0 |      22 | 100.0
     Bailey |       0 |     409 | 100.0 |       0 |      16 | 100.0
            +---------+---------+-------+---------+---------+-------
